[ AOE2 MATCH · #460065869 ]
UnrankedMagyars vs Celts
[ REPLAY ANALYSIS · EXTRACTED FROM THE RECORDED GAME ]
Feudal
12:06
Castle
22:04
Imperial
—
| APM avg | 42.5 |
| APM peak | 84 |
| eAPM avg | 15.4 |
| Villagers / military | 53 / 21 |
Focus
⚔️ 33.0% · 🌾 67.0%
Knight ×13 · Scout Cavalry ×8
Feudal
9:54
Castle
—
Imperial
—
| APM avg | 46.3 |
| APM peak | 92 |
| eAPM avg | 17.1 |
| Villagers / military | 60 / 35 |
Focus
⚔️ 23.8% · 🌾 76.2%
Militia ×27 · Spearman ×8
Feudal
9:10
Castle
22:59
Imperial
—
| APM avg | 55.5 |
| APM peak | 98 |
| eAPM avg | 17.7 |
| Villagers / military | 53 / 0 |
Focus
⚔️ 30.9% · 🌾 69.1%
Unknown (2550) ×37
Feudal
10:30
Castle
16:31
Imperial
—
| APM avg | 20.5 |
| APM peak | 52 |
| eAPM avg | 9.7 |
| Villagers / military | 43 / 14 |
Focus
⚔️ 19.5% · 🌾 80.5%
Archer ×13 · Mangonel ×1
Match map
Initial resources + every placement click. Lines = walls · curves = elevation contours. ◆ gold · ⬟ stone · ● berries · ✦ relic · ◌ wall gap
Your base· Open — unwalled flank
ananas_e's base· Open — unwalled flank
The Vulture's base· Open — unwalled flank
FRANKFURT's base· Open — unwalled flank
Smoothed initial terrain · ◌ = detected wall gap · hover for details
Inputs per minute
— Zabias - - ananas_e
Build order — Zabias
145 actions detected in the replay
| 0:00 | Create | Villager (Male) |
| 0:01 | Create | Villager (Male) |
| 0:02 | Build | House |
| 0:03 | Build | House |
| 0:12 | Create | Villager (Male) |
| 0:22 | Create | Villager (Male) |
| 1:24 | Create | Villager (Male) |
| 1:43 | Build | Lumber Camp |
| 2:19 | Create | Villager (Male) |
| 2:19 | Create | Villager (Male) |
| 2:20 | Create | Villager (Male) |
| 3:01 | Create | Villager (Male) |
| 3:03 | Create | Villager (Male) |
| 3:32 | Research | Loom |
| 4:13 | Build | Mill |
| 4:27 | Create | Villager (Male) |
| 4:27 | Create | Villager (Male) |
| 4:27 | Create | Villager (Male) |
| 5:22 | Build | House |
| 5:28 | Create | Villager (Male) |
| 5:48 | Create | Villager (Male) |
| 5:54 | Build | House |
| 6:33 | Create | Villager (Male) |
| 6:37 | Create | Villager (Male) |
| 6:51 | Create | Villager (Male) |
| 7:41 | Create | Villager (Male) |
| 8:04 | Research | Feudal Age |
| 8:11 | Create | Villager (Male) |
| 8:41 | Create | Villager (Male) |
| 8:48 | Create | Villager (Male) |
| 9:10 | Create | Villager (Male) |
| 9:11 | Research | Feudal Age |
| 9:26 | Build | Farm |
| 9:30 | Build | Lumber Camp |
| 10:01 | Build | Farm |
| 10:29 | Create | Villager (Male) |
| 11:00 | Build | House |
| 11:19 | Build | House |
| 11:22 | Build | House |
| 11:58 | Build | Farm |
| 12:00 | Build | Farm |
| 12:06 | Age | Feudal Age |
| 12:11 | Research | Double-Bit Axe |
| 12:17 | Create | Villager (Male) |
| 12:24 | Build | Barracks |
| 12:45 | Create | Villager (Male) |
| 12:48 | Build | House |
| 12:54 | Research | Horse Collar |
| 12:59 | Build | Farm |
| 13:06 | Create | Villager (Male) |
| 13:21 | Build | Stable |
| 13:30 | Build | Farm |
| 13:32 | Create | Villager (Male) |
| 13:39 | Build | Palisade Wall |
| 13:49 | Build | Farm |
| 14:03 | Create | Villager (Male) |
| 14:06 | Create | Scout Cavalry |
| 14:13 | Build | House |
| 14:19 | Build | Farm |
| 14:21 | Build | Farm |
| 14:27 | Create | Villager (Male) |
| 14:40 | Build | Farm |
| 15:02 | Create | Villager (Male) |
| 15:09 | Build | Farm |
| 15:11 | Build | Farm |
| 15:14 | Create | Villager (Male) |
| 15:18 | Build | Farm |
| 15:20 | Build | Farm |
| 15:31 | Create | Villager (Male) |
| 15:42 | Build | Farm |
| 16:08 | Create | Villager (Male) |
| 16:12 | Build | Mining Camp |
| 16:15 | Research | Wheelbarrow |
| 16:19 | Build | Mining Camp |
| 16:32 | Build | Farm |
| 16:37 | Build | Farm |
| 16:46 | Build | Farm |
| 16:56 | Research | Gold Mining |
| 16:59 | Create | Scout Cavalry |
| 17:42 | Build | Market |
| 18:06 | Build | Palisade Wall |
| 18:07 | Build | Palisade Wall |
| 18:09 | Create | Villager (Male) |
| 18:11 | Create | Villager (Male) |
| 18:24 | Build | Blacksmith |
| 18:30 | Build | Palisade Wall |
| 18:40 | Create | Villager (Male) |
| 18:41 | Create | Scout Cavalry |
| 18:44 | Create | Scout Cavalry |
| 19:00 | Research | Castle Age |
| 19:11 | Build | Lumber Camp |
| 19:21 | Create | Villager (Male) |
| 19:22 | Create | Scout Cavalry |
| 19:22 | Research | Bloodlines |
| 19:34 | Build | House |
| 19:45 | Create | Scout Cavalry |
| 19:52 | Research | Scale Barding Armor |
| 20:10 | Build | House |
| 20:12 | Build | Palisade Wall |
| 20:14 | Build | Palisade Wall |
| 20:21 | Build | Farm |
| 20:27 | Create | Scout Cavalry |
| 20:31 | Create | Villager (Male) |
| 20:33 | Build | Farm |
| 20:58 | Create | Scout Cavalry |
| 21:42 | Build | House |
| 21:43 | Build | Palisade Wall |
| 21:47 | Create | Villager (Male) |
| 22:04 | Age | Castle Age |
| 22:08 | Research | Chain Barding Armor |
| 22:10 | Create | Knight |
| 22:37 | Create | Villager (Male) |
| 22:40 | Research | Bow Saw |
| 22:54 | Create | Knight |
| 22:59 | Build | Farm |
| 23:00 | Create | Villager (Male) |
| 23:07 | Create | Knight |
| 23:20 | Create | Knight |
| 23:21 | Create | Villager (Male) |
| 23:35 | Build | Stable |
| 23:45 | Research | Husbandry |
| 23:47 | Create | Villager (Male) |
| 23:54 | Create | Villager (Male) |
| 23:55 | Create | Knight |
| 24:04 | Create | Villager (Male) |
| 24:11 | Research | Heavy Plow |
| 24:14 | Create | Knight |
| 24:21 | Create | Villager (Male) |
| 24:28 | Build | Farm |
| 24:29 | Build | Farm |
| 24:33 | Create | Knight |
| 24:33 | Create | Knight |
| 24:36 | Build | Farm |
| 24:45 | Create | Villager (Male) |
| 24:46 | Create | Knight |
| 24:52 | Create | Knight |
| 25:13 | Create | Knight |
| 25:28 | Create | Knight |
| 25:29 | Create | Villager (Male) |
| 25:29 | Create | Villager (Male) |
| 25:30 | Create | Villager (Male) |
| 25:40 | Build | Town Center |
| 25:41 | Create | Villager (Male) |
| 25:42 | Create | Knight |
| 25:43 | Create | Villager (Male) |
Build order — ananas_e
First 150 of 164 actions detected
| 0:01 | Create | Villager (Male) |
| 0:01 | Create | Villager (Male) |
| 0:03 | Build | House |
| 0:05 | Build | House |
| 0:27 | Create | Villager (Male) |
| 0:27 | Create | Villager (Male) |
| 1:33 | Create | Villager (Male) |
| 2:02 | Create | Villager (Male) |
| 2:02 | Create | Villager (Male) |
| 2:22 | Create | Villager (Male) |
| 2:22 | Create | Villager (Male) |
| 2:27 | Build | Lumber Camp |
| 3:05 | Create | Villager (Male) |
| 3:05 | Create | Villager (Male) |
| 3:20 | Build | House |
| 3:44 | Create | Villager (Male) |
| 4:08 | Create | Villager (Male) |
| 4:08 | Create | Villager (Male) |
| 4:36 | Create | Villager (Male) |
| 4:48 | Build | House |
| 4:58 | Create | Villager (Male) |
| 5:20 | Build | Palisade Wall |
| 5:27 | Create | Villager (Male) |
| 5:49 | Create | Villager (Male) |
| 6:15 | Build | House |
| 6:27 | Build | Mill |
| 6:33 | Create | Villager (Male) |
| 6:53 | Create | Villager (Male) |
| 7:20 | Build | Palisade Wall |
| 7:38 | Create | Villager (Male) |
| 7:44 | Research | Feudal Age |
| 9:12 | Build | Barracks |
| 9:47 | Create | Villager (Male) |
| 9:48 | Research | Loom |
| 9:54 | Age | Feudal Age |
| 10:03 | Create | Militia |
| 10:04 | Create | Militia |
| 10:11 | Build | Mining Camp |
| 10:28 | Create | Villager (Male) |
| 10:42 | Build | Palisade Wall |
| 10:46 | Create | Militia |
| 10:57 | Build | House |
| 11:00 | Build | House |
| 11:01 | Build | House |
| 11:08 | Research | Man-at-Arms (upgrade) |
| 11:24 | Build | House |
| 11:53 | Create | Villager (Male) |
| 11:54 | Create | Militia |
| 11:55 | Create | Militia |
| 12:17 | Create | Villager (Male) |
| 12:19 | Create | Villager (Male) |
| 12:23 | Build | Farm |
| 12:45 | Create | Villager (Male) |
| 12:56 | Create | Villager (Male) |
| 12:58 | Create | Militia |
| 12:58 | Create | Militia |
| 13:15 | Create | Villager (Male) |
| 13:20 | Build | Farm |
| 13:21 | Build | Farm |
| 13:22 | Build | Farm |
| 13:56 | Create | Villager (Male) |
| 14:04 | Create | Villager (Male) |
| 14:07 | Build | Farm |
| 14:09 | Build | Farm |
| 14:14 | Build | House |
| 14:29 | Create | Villager (Male) |
| 14:32 | Research | Double-Bit Axe |
| 14:40 | Create | Militia |
| 14:40 | Create | Militia |
| 14:47 | Build | Farm |
| 14:52 | Build | Farm |
| 15:08 | Build | Farm |
| 15:28 | Create | Villager (Male) |
| 15:36 | Create | Militia |
| 15:37 | Create | Villager (Male) |
| 15:42 | Build | Blacksmith |
| 15:56 | Build | Blacksmith |
| 16:14 | Create | Villager (Male) |
| 16:26 | Create | Militia |
| 16:26 | Create | Militia |
| 16:40 | Create | Militia |
| 16:44 | Build | Farm |
| 16:45 | Build | Farm |
| 16:46 | Build | Farm |
| 16:53 | Build | Palisade Gate |
| 16:56 | Build | Farm |
| 16:59 | Build | Farm |
| 17:01 | Build | Farm |
| 17:01 | Create | Villager (Male) |
| 17:10 | Build | Farm |
| 17:26 | Create | Villager (Male) |
| 17:46 | Create | Villager (Male) |
| 17:54 | Build | Farm |
| 17:54 | Build | Farm |
| 17:56 | Build | Farm |
| 17:57 | Build | Farm |
| 18:05 | Build | Farm |
| 18:13 | Build | House |
| 18:14 | Build | House |
| 18:15 | Create | Villager (Male) |
| 18:33 | Build | Farm |
| 18:36 | Research | Scale Mail Armor |
| 19:03 | Create | Militia |
| 19:03 | Create | Militia |
| 19:04 | Create | Villager (Male) |
| 19:04 | Create | Villager (Male) |
| 19:24 | Create | Villager (Male) |
| 19:24 | Create | Villager (Male) |
| 19:29 | Create | Militia |
| 19:29 | Create | Militia |
| 19:43 | Create | Villager (Male) |
| 19:52 | Create | Villager (Male) |
| 19:56 | Build | Farm |
| 19:57 | Build | Farm |
| 20:01 | Build | Farm |
| 20:03 | Build | Farm |
| 20:38 | Create | Militia |
| 20:38 | Create | Militia |
| 20:39 | Create | Militia |
| 20:39 | Create | Villager (Male) |
| 20:54 | Create | Villager (Male) |
| 20:58 | Create | Villager (Male) |
| 21:07 | Build | Barracks |
| 21:12 | Build | Market |
| 21:14 | Create | Villager (Male) |
| 21:16 | Build | Farm |
| 21:17 | Research | Horse Collar |
| 21:29 | Research | Forging |
| 21:36 | Create | Villager (Male) |
| 21:42 | Create | Militia |
| 21:42 | Create | Militia |
| 21:54 | Build | Farm |
| 21:55 | Build | Farm |
| 22:34 | Create | Villager (Male) |
| 22:36 | Create | Militia |
| 22:36 | Create | Militia |
| 22:59 | Create | Villager (Male) |
| 23:02 | Build | House |
| 23:03 | Build | House |
| 23:05 | Build | House |
| 23:05 | Create | Villager (Male) |
| 23:06 | Create | Villager (Male) |
| 23:08 | Create | Militia |
| 23:08 | Create | Militia |
| 23:08 | Create | Militia |
| 23:17 | Create | Spearman |
| 23:18 | Create | Spearman |
| 23:33 | Create | Spearman |
| 23:37 | Build | Barracks |
| 23:38 | Create | Villager (Male) |
Build order — The Vulture
147 actions detected in the replay
| 0:02 | Build | House |
| 0:03 | Build | House |
| 0:03 | Create | Villager (Male) |
| 0:04 | Create | Villager (Male) |
| 0:04 | Create | Villager (Male) |
| 0:04 | Create | Villager (Male) |
| 1:38 | Create | Villager (Male) |
| 1:38 | Create | Villager (Male) |
| 1:56 | Build | Settlement |
| 2:09 | Create | Villager (Male) |
| 2:09 | Create | Villager (Male) |
| 2:09 | Create | Villager (Male) |
| 2:09 | Create | Villager (Male) |
| 2:27 | Create | Villager (Male) |
| 2:27 | Create | Villager (Male) |
| 3:08 | Create | Villager (Male) |
| 3:09 | Create | Villager (Male) |
| 3:14 | Create | Villager (Male) |
| 3:56 | Create | Villager (Male) |
| 4:11 | Create | Villager (Male) |
| 4:53 | Create | Villager (Male) |
| 4:54 | Create | Villager (Male) |
| 5:10 | Create | Villager (Male) |
| 5:16 | Create | Villager (Male) |
| 5:55 | Create | Villager (Male) |
| 6:08 | Research | Loom |
| 6:17 | Build | Barracks |
| 6:22 | Create | Villager (Male) |
| 7:00 | Research | Feudal Age |
| 7:00 | Research | Feudal Age |
| 7:28 | Build | House |
| 7:37 | Build | Settlement |
| 7:40 | Create | Unit 2550 |
| 7:40 | Create | Unit 2550 |
| 8:15 | Create | Unit 2550 |
| 8:15 | Create | Unit 2550 |
| 8:26 | Create | Villager (Male) |
| 8:43 | Create | Unit 2550 |
| 8:51 | Create | Villager (Male) |
| 9:10 | Create | Unit 2550 |
| 9:10 | Age | Feudal Age |
| 9:46 | Research | Tech 1402 |
| 9:46 | Research | Tech 1402 |
| 9:54 | Create | Villager (Male) |
| 10:11 | Build | Settlement |
| 10:23 | Create | Villager (Male) |
| 10:25 | Create | Unit 2550 |
| 11:01 | Create | Unit 2550 |
| 11:22 | Create | Unit 2550 |
| 11:25 | Create | Villager (Male) |
| 11:54 | Create | Villager (Male) |
| 11:55 | Create | Villager (Male) |
| 11:55 | Create | Villager (Male) |
| 11:58 | Build | Farm |
| 11:59 | Build | Farm |
| 11:59 | Build | Farm |
| 11:59 | Build | Farm |
| 12:19 | Build | Blacksmith |
| 12:21 | Create | Villager (Male) |
| 12:25 | Build | Farm |
| 13:13 | Research | Forging |
| 13:13 | Research | Forging |
| 13:14 | Create | Villager (Male) |
| 13:38 | Create | Villager (Male) |
| 13:38 | Create | Villager (Male) |
| 13:38 | Create | Villager (Male) |
| 13:39 | Create | Villager (Male) |
| 13:41 | Build | Farm |
| 13:42 | Build | Farm |
| 13:42 | Build | Farm |
| 13:50 | Create | Villager (Male) |
| 13:55 | Build | House |
| 14:14 | Create | Unit 2550 |
| 14:15 | Create | Unit 2550 |
| 14:18 | Create | Villager (Male) |
| 14:24 | Build | Farm |
| 14:24 | Build | Farm |
| 14:41 | Create | Villager (Male) |
| 14:44 | Create | Unit 2550 |
| 14:53 | Create | Villager (Male) |
| 14:56 | Build | House |
| 15:17 | Research | Scale Mail Armor |
| 15:17 | Research | Scale Mail Armor |
| 15:18 | Create | Villager (Male) |
| 15:58 | Create | Villager (Male) |
| 16:01 | Create | Unit 2550 |
| 16:01 | Create | Unit 2550 |
| 16:16 | Create | Villager (Male) |
| 16:18 | Create | Unit 2550 |
| 16:21 | Create | Villager (Male) |
| 16:24 | Build | Farm |
| 16:25 | Build | Farm |
| 16:26 | Build | Farm |
| 16:28 | Build | Farm |
| 16:38 | Create | Villager (Male) |
| 17:06 | Build | Farm |
| 17:56 | Build | Settlement |
| 18:20 | Build | House |
| 19:03 | Create | Villager (Male) |
| 19:03 | Create | Villager (Male) |
| 19:13 | Build | Market |
| 19:31 | Create | Unit 2550 |
| 19:31 | Create | Unit 2550 |
| 19:37 | Build | Barracks |
| 19:47 | Research | Double-Bit Axe |
| 20:16 | Build | Farm |
| 20:19 | Research | Castle Age |
| 20:48 | Research | Horse Collar |
| 20:53 | Research | Gold Mining |
| 20:53 | Research | Gold Mining |
| 20:56 | Create | Unit 2550 |
| 20:56 | Create | Unit 2550 |
| 21:08 | Create | Unit 2550 |
| 21:08 | Create | Unit 2550 |
| 21:43 | Create | Unit 2550 |
| 21:43 | Create | Unit 2550 |
| 22:06 | Create | Unit 2550 |
| 22:06 | Create | Unit 2550 |
| 22:41 | Create | Unit 2550 |
| 22:42 | Create | Unit 2550 |
| 22:42 | Create | Unit 2550 |
| 22:59 | Age | Castle Age |
| 23:07 | Research | Tech 1351 |
| 23:07 | Research | Tech 1351 |
| 23:12 | Build | Barracks |
| 23:30 | Create | Villager (Male) |
| 23:30 | Create | Villager (Male) |
| 23:36 | Create | Unit 2550 |
| 23:38 | Create | Unit 2550 |
| 23:39 | Create | Unit 2550 |
| 24:02 | Create | Unit 2550 |
| 24:07 | Create | Villager (Male) |
| 24:20 | Build | Farm |
| 24:22 | Build | Farm |
| 24:22 | Build | Farm |
| 24:36 | Create | Unit 2550 |
| 24:36 | Create | Unit 2550 |
| 24:36 | Create | Unit 2550 |
| 24:36 | Create | Unit 2550 |
| 24:37 | Create | Unit 2550 |
| 24:52 | Build | House |
| 24:53 | Build | House |
| 24:59 | Research | Iron Casting |
| 25:00 | Research | Iron Casting |
| 25:32 | Build | Barracks |
| 25:36 | Create | Villager (Male) |
| 25:37 | Create | Villager (Male) |
Build order — FRANKFURT
108 actions detected in the replay
| 0:03 | Build | House |
| 0:05 | Create | Villager (Male) |
| 0:05 | Create | Villager (Male) |
| 0:05 | Create | Villager (Male) |
| 0:06 | Create | Villager (Male) |
| 0:08 | Build | House |
| 1:34 | Create | Villager (Male) |
| 2:14 | Build | Lumber Camp |
| 2:22 | Create | Villager (Male) |
| 2:30 | Create | Villager (Male) |
| 2:59 | Create | Villager (Male) |
| 3:16 | Create | Villager (Male) |
| 3:44 | Build | House |
| 3:46 | Build | House |
| 3:51 | Create | Villager (Male) |
| 4:15 | Create | Villager (Male) |
| 4:40 | Create | Villager (Male) |
| 5:10 | Create | Villager (Male) |
| 5:44 | Create | Villager (Male) |
| 6:00 | Create | Villager (Male) |
| 6:33 | Create | Villager (Male) |
| 7:05 | Build | Mill |
| 7:11 | Create | Villager (Male) |
| 7:11 | Create | Villager (Male) |
| 8:20 | Research | Feudal Age |
| 8:31 | Build | Mill |
| 9:06 | Build | House |
| 9:28 | Build | Farm |
| 9:30 | Build | Farm |
| 9:36 | Build | House |
| 9:49 | Build | Farm |
| 9:56 | Create | Villager (Male) |
| 10:04 | Build | House |
| 10:05 | Build | House |
| 10:30 | Age | Feudal Age |
| 10:43 | Create | Villager (Male) |
| 10:56 | Build | Barracks |
| 11:09 | Build | Palisade Wall |
| 11:15 | Build | Palisade Wall |
| 11:19 | Create | Villager (Male) |
| 11:20 | Create | Villager (Male) |
| 11:36 | Create | Villager (Male) |
| 12:02 | Build | Blacksmith |
| 12:27 | Create | Villager (Male) |
| 12:56 | Build | Stable |
| 13:03 | Create | Villager (Male) |
| 13:51 | Research | Castle Age |
| 14:34 | Build | Archery Range |
| 14:36 | Create | Villager (Male) |
| 14:38 | Create | Villager (Male) |
| 14:42 | Research | Double-Bit Axe |
| 14:47 | Build | Farm |
| 15:00 | Build | Farm |
| 15:01 | Build | Farm |
| 15:52 | Build | Farm |
| 16:12 | Build | House |
| 16:22 | Build | Mining Camp |
| 16:26 | Create | Villager (Male) |
| 16:31 | Age | Castle Age |
| 16:32 | Build | Farm |
| 16:32 | Build | Farm |
| 16:32 | Build | Farm |
| 16:33 | Build | Farm |
| 16:44 | Create | Villager (Male) |
| 16:52 | Create | Archer |
| 16:53 | Create | Archer |
| 17:02 | Build | House |
| 17:38 | Create | Villager (Male) |
| 17:43 | Research | Horse Collar |
| 17:48 | Build | Farm |
| 17:48 | Build | Farm |
| 17:49 | Build | Farm |
| 17:49 | Build | Farm |
| 17:49 | Build | Farm |
| 17:53 | Create | Villager (Male) |
| 18:15 | Create | Archer |
| 18:16 | Create | Archer |
| 19:36 | Create | Archer |
| 19:36 | Create | Archer |
| 20:16 | Create | Villager (Male) |
| 20:17 | Create | Villager (Male) |
| 20:23 | Build | Siege Workshop |
| 20:37 | Create | Villager (Male) |
| 20:39 | Create | Archer |
| 20:40 | Create | Archer |
| 20:53 | Create | Villager (Male) |
| 20:56 | Create | Villager (Male) |
| 21:00 | Research | Fletching |
| 21:02 | Create | Villager (Male) |
| 21:03 | Create | Villager (Male) |
| 21:06 | Research | Gold Mining |
| 21:31 | Create | Mangonel |
| 21:38 | Build | House |
| 21:54 | Create | Archer |
| 22:22 | Build | House |
| 24:13 | Create | Archer |
| 24:13 | Create | Archer |
| 24:14 | Research | Crossbowman (upgrade) |
| 24:15 | Research | Thumb Ring |
| 24:29 | Build | Archery Range |
| 24:31 | Create | Villager (Male) |
| 24:35 | Create | Villager (Male) |
| 24:36 | Create | Villager (Male) |
| 24:44 | Build | Town Center |
| 24:46 | Create | Villager (Male) |
| 24:47 | Create | Villager (Male) |
| 25:41 | Create | Archer |
| 25:41 | Create | Archer |
Match timeline
| 5:20 | ananas_e · wall_segment Palisade Wall x8 |
| 6:17 | The Vulture · first_building Barracks |
| 7:20 | ananas_e · wall_segment Palisade Wall x1 |
| 9:10 | The Vulture · age_up feudal |
| 9:12 | ananas_e · first_building Barracks |
| 9:54 | ananas_e · age_up feudal |
| 10:30 | FRANKFURT · age_up feudal |
| 10:42 | ananas_e · wall_segment Palisade Wall x1 |
| 10:56 | FRANKFURT · first_building Barracks |
| 11:09 | FRANKFURT · wall_segment Palisade Wall x8 |
| 11:15 | FRANKFURT · wall_segment Palisade Wall x6 |
| 12:06 | Zabias · age_up feudal |
| 12:24 | Zabias · first_building Barracks |
| 12:56 | FRANKFURT · first_building Stable |
| 13:21 | Zabias · first_building Stable |
| 13:39 | Zabias · wall_segment Palisade Wall x1 |
| 14:34 | FRANKFURT · first_building Archery Range |
| 16:31 | FRANKFURT · age_up castle |
| 18:06 | Zabias · wall_segment Palisade Wall x1 |
| 18:07 | Zabias · wall_segment Palisade Wall x1 |
| 18:30 | Zabias · wall_segment Palisade Wall x3 |
| 20:12 | Zabias · wall_segment Palisade Wall x1 |
| 20:14 | Zabias · wall_segment Palisade Wall x1 |
| 20:23 | FRANKFURT · first_building Siege Workshop |
| 21:43 | Zabias · wall_segment Palisade Wall x5 |
| 22:04 | Zabias · age_up castle |
| 22:59 | The Vulture · age_up castle |
| 24:33 | ananas_e · first_market_buy 100 food |
| 24:58 | The Vulture · first_market_buy 100 food |
| 25:50 | ananas_e · resign |
[ AI ANALYSIS · 1 CREDIT ]
What really happened in this match?
Wolo.gg analyzes every decision: build order, eco, micro, common mistakes by bracket. Personalized analysis on WhatsApp or Discord in 30 seconds.
Civ guide
Magyars
Perfil
Jugador #894977